 Dungeon Crawl Stone Soup version 0.29.1 (webtiles) character file.

Game seed: 6805879718894591227

11 ragingrage the Caller (level 2, -3/11 HPs)
             Began as a Felid Summoner on Sept 12, 2022.
             Killed from afar by a dart slug (5 damage)
             ... with a slug dart
             ... on level 1 of the Dungeon.
             The game lasted 00:01:48 (1323 turns).

ragingrage the Caller (Felid Summoner)              Turns: 1323, Time: 00:01:48

Health: -3/11      AC:  1    Str:  4    XL:     2   Next: 17%
Magic:  2/6        EV: 17    Int: 16    God:
Gold:   43         SH:  0    Dex: 16    Spells: 2/5 levels left
                                        Lives:  0   Deaths: 0

rFire   . . .      SeeInvis +   (weapon unavailable)
rCold   . . .      Faith    .   (shield unavailable)
rNeg    . . .      Spirit   .   (body armour unavailable)
rPois   .          Reflect  .   (helmet unavailable)
rElec   .          Harm     .   (cloak unavailable)
rCorr   .          Rampage  .   (gloves unavailable)
Will    .....                   (boots unavailable)
Stlth   ++........              (no amulet)
HPRegen 0.03/turn               (no ring)
MPRegen 0.10/turn               (no ring)

@: quick
A: very small, claws 1, fangs 3, see invisible, speed 1, shaggy fur 1, stealthy
paws, no weapons or thrown items, no armour, multi-lived
a: no special abilities


You were on level 1 of the Dungeon.
You visited 1 branch of the dungeon, and saw 2 of its levels.

You collected 43 gold pieces.

Inventory:

Scrolls
 e - a scroll of identify {unknown}
Potions
 a - 2 potions of magic
 b - a potion of curing {unknown}
 c - 2 potions of berserk rage {unknown}
 d - a potion of brilliance {unknown}


   Skills:
 - Level 2.6 Dodging
 - Level 2.6 Stealth
 + Level 2.4 Spellcasting
 + Level 4.2 Summonings


You had 2 spell levels left.
You knew the following spells:

 Your Spells              Type           Power      Damage    Failure   Level
a - Summon Small Mammal   Summ           60%        N/A       3%          1
b - Call Imp              Summ           15%        N/A       5%          2

Your spell library contained the following spells:

 Spells                   Type           Power      Damage    Failure   Level
 Call Canine Familiar     Summ           15%        N/A       11%         3
 Summon Guardian Golem    Hex/Summ       8%         N/A       26%         3
 Summon Lightning Spire   Summ/Air       8%         N/A       63%         4


Dungeon Overview and Level Annotations

Branches:
Dungeon (2/15)

Altars:

Annotations:
D:2 Terence


Innate Abilities, Weirdness & Mutations

You have sharp claws.
You have razor-sharp teeth.
You have supernaturally acute eyesight. (SInv)
You cover ground quickly. (Speed+)
You are covered in fur. (AC +1)
Your paws help you pounce on unaware monsters.
You are incapable of wielding weapons or throwing items.
You cannot wear armour.
You gain extra lives every three experience levels.


Message History

HP restored.
You climb downwards.
Level annotation: Terence
There is a stone staircase leading up here.
Unknown command.
The bat closely misses you. The bat completely misses you. The bat hits you.
The dart slug launches a dart at you. The slug dart hits you.
Casting: Summon Small Mammal (safe; 3% risk of failure)
Confirm with . or Enter, or press ? or * to list all spells.
A shadowy apparition takes form in the air.
Your bat hits the dart slug but does no damage.
The bat completely misses you. The bat closely misses you.
The bat hits you but does no damage. The dart slug launches a dart at you.
The slug dart misses you.
Your bat hits the dart slug.
Your shadow imp hits the bat.
You climb upwards.
Your summoned ally is left behind.
There is a stone staircase leading down here.
Casting: Call Imp (safe; 5% risk of failure)
Confirm with . or Enter, or press ? or * to list all spells.
A shadowy apparition takes form in the air.
The bat misses you. x2; The dart slug bites you.
The bat closely misses you. The bat barely misses your shadow imp.
The bat attacks as you move away! The bat hits you.
* * * LOW HITPOINT WARNING * * *
The bat hits your shadow imp but does no damage.
The dart slug barely misses your shadow imp.
Your shadow imp closely misses the bat.
The dart slug barely misses your shadow imp.
The bat hits you but does no damage.
You closely miss the bat.
The bat is moderately wounded.
The bat hits you.
* * * LOW HITPOINT WARNING * * *
You scratch the bat.
You kill the bat!
The dart slug launches a dart at you. The slug dart hits you.
You die...

########### #.........# #####
#.........########## #...#
#w>................. #...#
#..5......##########
#...######..†.........#######
#...........@................
#...#######.#########...##...
#...# #.# ###....## ##### #.#
##....# #.## ##...#.. #####
###..#########..#.###
#..>######.###..PP#....###.# #
#.#.......#....PP.#P.PP..P####
#..########.....PP#.....P.##.#


You could see a dart slug (ally target) and a friendly shadow imp (summoned).

Vanquished Creatures
  A bat (D:1)
  A giant cockroach (D:2)
  2 kobolds (D:1)
  A rat (D:1)
5 creatures vanquished.

Vanquished Creatures (collateral kills)
  A ball python (D:1)
  An endoplasm (D:1)
  A giant cockroach (D:1)
  A goblin (D:2)
  A hobgoblin (D:2)
  A frilled lizard (D:1)
  A kobold (D:1)
7 creatures vanquished.

Vanquished Creatures (others)
  A fungus (D:1)
1 creature vanquished.

Grand Total: 13 creatures vanquished

Notes
Turn   | Place    | Note
-------+----------+-------------------------------------------
     0 | D:1      | ragingrage the Felid Summoner began the quest for the Orb.
     0 | D:1      | Reached XP level 1. HP: 7/7 MP: 4/4
   113 | D:1      | Found a faded altar of an unknown god.
   113 | D:1      | You fall into a shaft and drop 1 floor!
   162 | D:2      | Noticed Terence
   386 | D:1      | Reached XP level 2. HP: 6/11 MP: 4/6
   681 | D:1      | Learned a level 2 spell: Call Imp
  1323 | D:1      | Killed from afar by a dart slug

Illustrated notes

Levels and vault maps discovered:
D:1:      evilmike_arrival_plus, layout_rooms, shapermc_ecumenical_altar_gd
D:2:      layout_rooms, basic_altar, minmay_misc_feat_five, uniq_terence,
          uniq_crazy_yiuf_cottage

Action                   || total
-------------------------++-------
Melee: Unarmed           ||    25
       Bite              ||     2
 Cast: Summon Small Mamm ||    17
       Call Imp          ||     3
Armor: Skin              ||     5
Dodge: Dodged            ||    35
